 Dungeon Crawl Stone Soup version 0.27-b1-42-g19c61b19a5 (webtiles) character file.

Game seed: 17637122899538202761

16 Descartes the Scratcher (level 2, -2/12 HPs)
             Began as a Felid Transmuter on July 30, 2021.
             Frozen to death by an endoplasm (5 damage)
             ... on level 1 of the Dungeon.
             The game lasted 00:02:30 (784 turns).

Descartes the Scratcher (Felid Transmuter)           Turns: 784, Time: 00:02:31

Health: -2/12      AC:  1    Str:  6    XL:     2   Next: 37%
Magic:  5/6        EV: 17    Int: 14    God:
Gold:   7          SH:  0    Dex: 16    Spells: 4/5 levels left
                                        Lives:  0   Deaths: 0

rFire    . . .     SeeInvis +     - Unarmed
rCold    . . .     Faith    .   (shield unavailable)
rNeg     . . .     Spirit   .   (armour unavailable)
rPois    .         Reflect  .   (helmet unavailable)
rElec    .         Harm     .   (cloak unavailable)
rCorr    .         Rampage  .   (gloves unavailable)
Will     .....                  (boots unavailable)
Stlth    ++........             (no amulet)
HPRegen  0.04/turn              (no ring)
MPRegen  0.10/turn              (no ring)

@: appendages, quick
A: horns 2, very small, claws 1, fangs 3, see invisible, speed 1, shaggy fur 1,
stealthy paws, no weapons or thrown items, no armour, multi-lived
a: End Transformation


You were on level 1 of the Dungeon.
You had temporarily grown beastly horns.
You visited 1 branch of the dungeon, and saw 1 of its levels.

You collected 7 gold pieces.

Inventory:

Missiles
 c - 19 arrows
 d - 46 stones
Scrolls
 b - 2 scrolls of identify {unknown}
Potions
 a - a potion of might {unknown}
 e - a potion of mutation {unknown}


   Skills:
 - Level 1.0 Fighting
 + Level 3.1 Dodging
 + Level 1.3 Stealth
 + Level 3.2 Unarmed Combat
 - Level 2.0 Spellcasting
 + Level 2.5 Transmutations


You had 4 spell levels left.
You knew the following spells:

 Your Spells              Type           Power      Damage    Failure   Level
a - Beastly Appendage     Tmut           16%        N/A       9%          1

Your spell library contained the following spells:

 Spells                   Type           Power      Damage    Failure   Level
 Wereblood                Tmut           8%         N/A       13%         2
 Spider Form              Tmut/Pois      2%         N/A       38%         3
 Ice Form                 Ice/Tmut       4%         N/A       80%         4


Dungeon Overview and Level Annotations

Branches:
Dungeon (1/15)

Altars:
Fedhas


Innate Abilities, Weirdness & Mutations

You have temporarily grown beastly horns.
You have sharp claws.
You have razor-sharp teeth.
You have supernaturally acute eyesight. (SInv)
You cover ground quickly. (Speed+)
You are covered in fur. (AC +1)
Your paws help you pounce on unaware monsters.
You are incapable of wielding weapons or throwing items.
You cannot wear armour.
You gain extra lives every three experience levels.


Message History

2 endoplasms come into view.
You scratch the kobold.
You kill the kobold!
The endoplasm quivers.
Your transformation is almost over.
The endoplasm quivers.
Things that are here:
a +0 dagger; a kobold corpse The endoplasm freezes you.
You are frozen.
You scratch the endoplasm. Your bite misses the endoplasm.
The endoplasm is lightly wounded.
The endoplasm hits you. x2
You are too injured to fight recklessly!
You scratch the endoplasm.
The endoplasm is moderately wounded.
The endoplasm misses you. The endoplasm freezes you.
You are frozen.
* * * LOW HITPOINT WARNING * * *
You scratch the endoplasm.
The endoplasm is heavily wounded.
The endoplasm completely misses you.
You scratch the endoplasm.
The endoplasm is severely wounded.
Your horns disappear.
The endoplasm freezes you.
You are frozen.
* * * LOW HITPOINT WARNING * * *
You scratch the endoplasm.
You kill the endoplasm!
Casting: Beastly Appendage (safe; 9% risk of failure)
Confirm with . or Enter, or press ? or * to list all spells.
You grow a pair of large bovine horns.
The endoplasm misses you.
You scratch the endoplasm but do no damage.
Your bite misses the endoplasm.
The endoplasm is moderately wounded.
The endoplasm freezes you.
You are frozen.
You die...

.......##..#.#.......####...## #.
.########..#.#.....#.......## #.
........................._^# ###.
............#..............###...
.########..........#.####...#####
.# #....##.####.# ##...#### ##
#............. ##)...##
#.....####.#.## ##...##
#...)..J@..#. ##.... #......###.#
#..... #..........# ######
#.......##.# . # #...>...# ###.#
#.......# #...# #.......# ....
#########.......# ....
................# ####.#####


You could see an endoplasm.

Vanquished Creatures
  A dart slug (D:1)
  A ball python (D:1)
  2 endoplasms (D:1)
  A giant cockroach (D:1)
  2 hobgoblins (D:1)
  A bat (D:1)
  4 kobolds (D:1)
  A rat (D:1)
13 creatures vanquished.

Notes
Turn   | Place    | Note
-------+----------+-------------------------------------------
     0 | D:1      | Descartes the Felid Transmuter began the quest for the Orb.
     0 | D:1      | Reached XP level 1. HP: 9/9 MP: 4/4
   482 | D:1      | Reached skill level 1 in Stealth
   638 | D:1      | Reached XP level 2. HP: 12/12 MP: 6/6
   656 | D:1      | Found a faded altar of an unknown god.
   668 | D:1      | Became a worshipper of Fedhas Madash
   668 | D:1      | Reached * piety under Fedhas
   669 | D:1      | Fell from the grace of Fedhas
   784 | D:1      | Frozen to death by an endoplasm

Illustrated notes

Levels and vault maps discovered:
D:1:      dpeg_arrival_ternary, layout_basic,
          hellmonk_ecumenical_altar_crossroads, minivault_25,
          minmay_misc_feat_pillars

Skill      XL: |  1 |
---------------+----+-----
Stealth        | 1 |  1.3
Dodging        | 3 |  3.1
Fighting       | |  1.0
Unarmed Combat | |  3.2
Spellcasting   | |  2.0
Transmutations | |  2.5

Action                   || total
-------------------------++-------
Melee: Unarmed           ||    39
       Bite              ||     4
       Headbutt          ||     3
 Cast: Beastly Appendage ||     8
Invok: Renounce Religion ||     1
 Stab: Sleeping          ||     2
Armor: Skin              ||     1
Dodge: Dodged            ||    22
